 Dungeon Crawl Stone Soup version 0.31.0-12-g77e489cdc1 (webtiles) character file.

Game seed: 11618954686611331041

65 Gadfly the Insei (level 3, -2/29 HPs)
             Began as a Demonspawn Monk on Feb 12, 2024.
             Slain by a gnoll
             ... wielding a +0 flail
              (7 damage)
             ... on level 3 of the Dungeon.
             The game lasted 00:02:19 (1930 turns).

Gadfly the Insei (Demonspawn Monk)                  Turns: 1930, Time: 00:02:20

Health: -2/29      AC:  6    Str: 13    XL:     3   Next: 94%
Magic:  3/3        EV: 13    Int: 10    God:
Gold:   101        SH:  0    Dex: 21    Spells: 2/2 levels left

rFire   . .          .
                       - Unarmed
rCold   . . .        c - orb {light}
rNeg    . . .        a - +0 robe
rPois   +            d - +2 hat
rElec   .            (no cloak)
rCorr   .            (no gloves)
SInv    .            l - +1 pair of boots {Fly}
Will    .....        (no amulet)
Stlth   +            e - ring of poison resistance
HPRegen 0.24/turn    o - +6 ring of dexterity
MPRegen 0.08/turn

%: no passive effects
@: flying, glowing
A: ignite blood 1
a: no special abilities


You were on level 3 of the Dungeon.
You visited 1 branch of the dungeon, and saw 3 of its levels.

You collected 101 gold pieces.

Inventory:

Armour
 a - a +0 robe (worn)
 c - an orb of light (worn)
 d - a +2 hat (worn)
 l - a +1 pair of boots of flying (worn)
Jewellery
 e - a ring of poison resistance (left hand)
 o - a +6 ring of dexterity (right hand)
Potions
 b - 3 potions of ambrosia
 f - a potion of lignification {unknown}
 g - a potion of haste
 i - a potion of mutation
 j - a potion of attraction
 q - a potion of curing {unknown}


   Skills:
 - Level 3.0 Fighting
 + Level 3.0 Dodging
 * Level 3.2 Unarmed Combat
 * Level 1.6 Evocations
 * Level 1.4 Shapeshifting


You had 2 spell levels left.
You didn't know any spells.
Your spell library contained the following spells:

 Spells                   Type           Power      Damage    Failure   Level
 Foxfire                  Conj/Fire      0%         2x1d4     36%         1
 Necrotise                Necr           0%         1d4       36%         1
 Vampiric Draining        Necr           0%         2d6       75%         3
 Martyr's Knell           Necr/Summ      0%         N/A       98%         4
 Curse of Agony           Necr           0%         N/A       100%        5
 Plasma Beam              Fire/Air       0%         2x1d10    100%        6
 Starburst                Conj/Fire      0%         6d3       100%        6
 Malign Gateway           Summ/Tloc      0%         N/A       100%        7
 Summon Horrible Things   Summ           0%         N/A       100%        8


Dungeon Overview and Level Annotations

Branches:
Dungeon (3/15)

Altars:

Annotations:
D:3 Terence


Innate Abilities, Weirdness & Mutations

Your demonic aura sometimes causes spilled blood to erupt in flames.


Message History

You fly downwards.
The gnoll shouts! x3; The hobgoblin shouts!
You hear a shout!
Found 5 stones and 8 gold pieces.
There is a stone staircase leading up here.
There are monsters nearby!
There are monsters nearby!
The gnoll hits you with a +0 spear.
You barely miss the gnoll. You hit the gnoll.
The gnoll is moderately wounded.
The gnoll closely misses you.
The gnoll is engulfed in blazing flames.
You kill the gnoll!
You barely miss the gnoll.
The hobgoblin hits you but does no damage.
The gnoll hits you with a +0 club. The gnoll closely misses you.
You hit the gnoll but do no damage. The hobgoblin hits you.
The gnoll hits you with a +0 club. The gnoll barely misses you.
You hit the gnoll.
The gnoll is lightly wounded.
The hobgoblin misses you.
Terence the Incautious comes into view.
He is wielding a +0 flail.
The gnoll misses you. The gnoll closely misses you.
Unknown command.
You hit the hobgoblin.
The hobgoblin is heavily wounded.
The hobgoblin misses you. The gnoll closely misses you. The gnoll misses you.
Unknown command.
You hit the hobgoblin but do no damage.
The hobgoblin is heavily wounded.
The hobgoblin hits you but does no damage.
The gnoll misses you. Terence closely misses you.
The gnoll hits you with a +0 flail.
You hit the hobgoblin but do no damage.
The hobgoblin is heavily wounded.
The hobgoblin hits you. The gnoll closely misses you.
Terence hits you with a +0 flail.
* * * LOW HITPOINT WARNING * * *
The gnoll hits you with a +0 flail!
You die...

#######
#.....#
#.$...####
#.........
#)gg..#
#.@g..#
###@###
#(# ..#
###


You could see Terence, 2 gnolls and a hobgoblin.

Vanquished Creatures
  A gnoll (D:3)
  3 dart slugs
  A ribbon worm (D:2)
  2 bats (D:1)
  5 endoplasms
  5 hobgoblins
  4 quokkas
  5 ball pythons
  3 frilled lizards
  3 goblins (D:1)
  8 kobolds
  6 rats
46 creatures vanquished.

Notes
Turn   | Place    | Note
-------+----------+-------------------------------------------
     0 | D:1      | Gadfly the Demonspawn Monk began the quest for the Orb.
     0 | D:1      | Reached XP level 1. HP: 18/18 MP: 1/1
   234 | D:1      | Gained mutation: Your demonic aura sometimes causes spilled
                  | blood to erupt in flames. [demonic ancestry]
   234 | D:1      | Reached XP level 2. HP: 16/24 MP: 2/2
   348 | D:1      | Reached skill level 1 in Evocations
   423 | D:1      | Reached skill level 1 in Shapeshifting
   892 | D:2      | Reached XP level 3. HP: 27/29 MP: 3/3
  1927 | D:3      | Noticed Terence
  1930 | D:3      | Slain by a gnoll

Illustrated notes

Levels and vault maps discovered:
D:1:      psy_arrival_radial01, layout_basic
D:2:      layout_basic, chequers_arboretum, st_stairs_9, glass_columns_c,
          dk_noncrumbling_3
D:3:      layout_loops_ring, nicolae_hepliaklqana_hippocampus, uniq_robin,
          uniq_terence, uniq_ijyb

Skill      XL: |  1  2  3 |
---------------+----------+-----
Evocations     | 1 |  1.6
Unarmed Combat | 3 |  3.2
Shapeshifting  | 1 |  1.4
Dodging        | 3 |  3.0
Fighting       | |  3.0

Action                     || total
---------------------------++-------
  Melee: Unarmed           ||   131
    Use: Scroll            ||     7
         Potion            ||     1
 Armour: Robe              ||    64
  Dodge: Dodged            ||    90
